 Dungeon Crawl Stone Soup version 0.19.0-9-gfd783f2 (webtiles) character file.

475 nikopol the Digger (level 7, -3/36 HPs)
             Began as a Gargoyle Earth Elementalist on Nov 7, 2016.
             Was an Initiate of Vehumet.
             Slain by Pikel
             ... wielding a +1 whip of electrocution
              (6 damage)
             ... on level 3 of the Dungeon.
             The game lasted 00:50:47 (6478 turns).

nikopol the Digger (Gargoyle Earth Elementalist)    Turns: 6478, Time: 00:50:47

Health: -3/36      AC:  8    Str: 12    XL:     7   Next: 10%
Magic:  2/24       EV: 12    Int: 17    God:    Vehumet [......]
Gold:   122        SH:  0    Dex: 10    Spells: 3 memorised, 8 levels left

rFire  . . .     SeeInvis .     C - +0 whip (curse)
rCold  . . .     Gourm    .     y - +0 robe
rNeg   + + .     Faith    .     (no shield)
rPois  ∞         Spirit   .     z - +0 helmet
rElec  +         Reflect  .     (no cloak)
rCorr  .         Harm     .     (no gloves)
MR     .....                    p - +0 pair of boots
Stlth  ++........               (no amulet)
                                n - ring of positive energy
                                a - ring of magical power

@: no status effects
A: negative energy resistance 1, electricity resistance, unbreathing,
petrification resistance, rot immunity, AC +4
a: Renounce Religion


You were on level 3 of the Dungeon.
You worshipped Vehumet.
Vehumet was noncommittal.
You were hungry.

You visited 1 branch of the dungeon, and saw 5 of its levels.

You collected 122 gold pieces.

Inventory:

Hand Weapons
 C - a cursed +0 whip (weapon)
Missiles
 b - 194 stones (quivered)
Armour
 p - a +0 pair of boots (worn)
 q - a +0 buckler
 y - a +0 robe (worn)
 z - a +0 helmet (worn)
Magical Staves
 F - an uncursed staff of death {unknown}
Jewellery
 a - a ring of magical power (left hand)
 n - a ring of positive energy (right hand)
 D - an uncursed ring of positive energy
 H - an uncursed ring of protection from fire {unknown}
Wands
 G - a wand of disintegration (17/24)
Scrolls
 f - a scroll of fear {unknown}
 g - 3 scrolls of remove curse {unknown}
 h - 2 scrolls of blinking {unknown}
 j - 2 scrolls of enchant armour {unknown}
 m - 2 scrolls of magic mapping {unknown}
 o - a scroll of fog {unknown}
 u - 4 scrolls of identify {unknown}
 x - a scroll of noise {unknown}
 A - a scroll of immolation {unknown}
Potions
 c - a potion of lignification {unknown}
 k - 3 potions of degeneration {unknown}
 l - a potion of ambrosia {unknown}
 v - a potion of invisibility {unknown}
 w - a potion of magic {unknown}
 B - a potion of mutation {unknown}
 E - a potion of berserk rage {unknown}
 I - a potion of flight {unknown}
Books
 e - a book of Geomancy

   Spells                             Type                      Level
   a - Sandblast                      Earth                        1
   b - Passwall                       Transmutation/Earth          2
   c - Stone Arrow                    Conjuration/Earth            3
   d - Petrify                        Transmutation/Earth          4
   e - Lee's Rapid Deconstruction     Earth                        5
Comestibles
 d - 3 bread rations
 i - a slice of pizza
 r - 2 meat rations
 t - 2 beef jerkies


   Skills:
 + Level 0.0 Fighting
 + Level 0.0 Maces & Flails
 + Level 0.0 Armour
 + Level 1.5 Dodging
 - Level 2.1 Stealth
 * Level 5.8 Spellcasting
 * Level 0.0 Conjurations
   Level 0.7 Transmutations
 + Level 5.9 Earth Magic
 + Level 0.0 Evocations


You had 8 spell levels left.
You knew the following spells:

 Your Spells              Type           Power        Failure   Level  Hunger
a - Sandblast             Erth           ####..       1%          1    None
b - Stone Arrow           Conj/Erth      ###...       14%         3    ##.....
c - Lee's Rapid Deconstr  Erth           ####......   38%         5    ######.


Dungeon Overview and Level Annotations

Branches:
Dungeon (5/15)             Temple (0/1) D:5

Altars:
Hepliaklqana
Uskayaw
Vehumet

Annotations:
D:3 Pikel


Innate Abilities, Weirdness & Mutations

You are resistant to torment.
Your stone body is resilient. (AC +4)
You are immune to poison.
You resist negative energy. (rN+)
You are resistant to electric shocks. (rElec)
You can survive without breathing.
You are immune to petrification.
You are immune to rotting.


Message History

You barely miss Pikel.
Pikel hits you with a whip of electrocution.
* * * LOW HITPOINT WARNING * * *
You barely miss Pikel. Pikel barely misses you.
You completely miss Pikel. Pikel completely misses you.
You barely miss Pikel. Pikel hits you but does no damage.
Casting: Sandblast
Confirm with . or Enter, or press ? or * to list all spells.
Aiming: Sandblast
Press: ? - help, Shift-Dir - straight line, f/p - Pikel
Aim: Pikel, wielding a whip of electrocution and wearing a runed robe The blast of sand hits Pikel.
Pikel hits you but does no damage.
Casting: Sandblast
Confirm with . or Enter, or press ? or * to list all spells.
Aiming: Sandblast
Press: ? - help, Shift-Dir - straight line, f/p - Pikel
Aim: Pikel, wielding a whip of electrocution and wearing a runed robe The blast of sand hits Pikel.
Pikel hits you with a whip of electrocution.
You die...

..### .$##....#.......# #...##...
##..#orr ##...#..#....####'######
....#$. #...#..#...##.#...#.##.
....#######...#..##.##_.'.8.'._##
.........###'##..##..##.#...#.##.
.................##...####'####..
.........###.....##...###...##...
..######## #..........#.##.##..).
..# #....@K...>...#.#..... ###
#................#....
####.........##..#.#.#
#....#..#.##.......
#....#..#.##.......
#....#..#.##......#
##.........##......#
#.....#..)...[...#.#
#.....#.#).##....#..


You could see Pikel.

Vanquished Creatures
  3 slaves (D:5)
  3 orc wizards
  A hound (D:4)
  2 orc priests (D:4)
  An iguana (D:4)
  A bullfrog skeleton (D:4)
  2 worker ants (D:4)
  A hound zombie (D:5)
  6 adders
  2 oozes
  2 worms
  3 leopard geckos
  20 orcs
  7 giant cockroaches
  10 hobgoblins
  10 jackals
  10 bats
  8 frilled lizards
  8 goblins
  7 kobolds
  A quokka skeleton (D:4)
  5 rats
113 creatures vanquished.

Notes
Turn   | Place    | Note
-------+----------+-------------------------------------------
     0 | D:1      | nikopol the Gargoyle Earth Elementalist began the quest for the Orb.
     0 | D:1      | Reached XP level 1. HP: 10/10 MP: 3/3
   224 | D:1      | Reached XP level 2. HP: 11/15 MP: 0/5
  1165 | D:2      | Reached XP level 3. HP: 19/19 MP: 7/7
  1251 | D:2      | Learned a level 3 spell: Stone Arrow
  1773 | D:2      | Reached XP level 4. HP: 15/24 MP: 9/9
  2621 | D:3      | Reached XP level 5. HP: 11/28 MP: 6/11
  3005 | D:3      | Found a hide-covered altar of Uskayaw.
  3007 | D:3      | Found a radiant altar of Vehumet.
  3007 | D:3      | Found a hazy altar of Hepliaklqana.
  3179 | D:3      | Became a worshipper of Vehumet
  4015 | D:4      | Reached skill level 5 in Earth Magic
  4037 | D:4      | Reached XP level 6. HP: 24/32 MP: 4/13
  4231 | D:4      | Reached skill level 5 in Spellcasting
  4804 | D:4      | Learned a level 5 spell: Lee's Rapid Deconstruction
  5221 | D:4      | Reached XP level 7. HP: 27/36 MP: 15/15
  5308 | D:5      | Entered Level 5 of the Dungeon
  5308 | D:5      | Found a staircase to the Ecumenical Temple.
  5773 | D:5      | Noticed Pikel
  6478 | D:3      | Slain by Pikel

Skill      XL: |  1  2  3  4  5  6 |
---------------+-------------------+-----
Earth Magic    | 4 5 |  5.9
Spellcasting   | 3 4 5 |  5.8
Dodging        | |  1.5
Stealth        | |  2.1
Transmutations | |  0.7

Action                   |  1- 3 |  4- 6 |  7- 9 || total
-------------------------+-------+-------+-------++-------
Melee: Unarmed           |    11 |       |       ||    11
       Short sword       |    21 |     3 |       ||    24
       Dagger            |       |     7 |       ||     7
       Whip              |       |     4 |    43 ||    47
 Cast: Sandblast         |    84 |   178 |    52 ||   314
       Stone Arrow       |       |    29 |    14 ||    43
  Eat: Chunk             |     3 |    12 |     3 ||    18
       Royal jelly       |       |       |     1 ||     1
Armor: Robe              |    15 |    57 |    27 ||    99
Dodge: Dodged            |    47 |   103 |    47 ||   197
